 Dungeon Crawl Stone Soup version 0.22-a0-580-gd5db89c (webtiles) character file.

0 Redear the Charmwright (level 1, 0/9 HPs)
             Began as a Felid Skald on July 3, 2018.
             Slain by a kobold
             ... wielding a cursed +0 short sword
              (5 damage)
             ... on level 1 of the Dungeon.
             The game lasted 00:01:03 (63 turns).

Redear the Charmwright (Felid Skald)                  Turns: 63, Time: 00:01:05

Health: 0/9        AC:  1    Str:  7    XL:     1   Next: 8%
Magic:  4/4        EV: 18    Int: 14    God:
Gold:   0          SH:  0    Dex: 15    Spells: 3/4 levels left
                                        Lives:  0   Deaths: 0

rFire    . . .     SeeInvis +     - Unarmed
rCold    . . .     Gourm    .   (shield unavailable)
rNeg     . . .     Faith    .   (armour unavailable)
rPois    .         Spirit   .   (helmet unavailable)
rElec    .         Reflect  .   (cloak unavailable)
rCorr    .         Harm     .   (gloves unavailable)
MR       .....                  (boots unavailable)
Stlth    ++........             (no amulet)
HPRegen  0.03/turn              (no ring)
MPRegen  0.09/turn              (no ring)

@: quick
A: very small, no armour, no weapons or thrown items, stealth, claws 1, fangs 3,
see invisible, carnivore, speed 1, shaggy fur 1, slow metabolism 1, sharp paws
a: no special abilities


You were on level 1 of the Dungeon.
You were not hungry.

You visited 1 branch of the dungeon, and saw 1 of its levels.

Inventory:

Comestibles
 b - 2 rations


   Skills:
 + Level 2.0 Fighting
 + Level 3.2 Dodging
 * Level 0.2 Stealth
 + Level 2.0 Unarmed Combat
 - Level 2.0 Spellcasting
 - Level 3.6 Charms


You had 3 spell levels left.
You knew the following spells:

 Your Spells              Type           Power        Failure   Level  Hunger
a - Infusion              Chrm           ##..         5%          1    ##.....

Your spell library contained the following spells:

 Spells                   Type           Power        Failure   Level  Hunger
 Regeneration             Chrm/Necr      #.........   34%         3    ####...
 Shroud of Golubria       Chrm/Tloc      #.........   17%         2    ###....
 Song of Slaying          Chrm           ##......     9%          2    ###....
 Spectral Weapon          Hex/Chrm       #.......     34%         3    ####...


Dungeon Overview and Level Annotations

Branches:
Dungeon (1/15)

Altars:


Innate Abilities, Weirdness & Mutations

You cannot wear armour.
You are incapable of wielding weapons or throwing items.
Your paws allow you to move quietly. (Stealth)
You have sharp claws.
You have razor-sharp teeth.
You have supernaturally acute eyesight. (SInv)
You are carnivorous and can eat meat at any time.
You cover ground quickly.
You are covered in fur. (AC +1)
You have a slow metabolism.
Your sharp claws are effective at attacking unaware monsters.


Message History

A frilled lizard comes into view.
The frilled lizard misses you. The frilled lizard bites you.
You barely miss the frilled lizard.
The ooze quivers.
You barely miss the frilled lizard.
You claw the frilled lizard, but do no damage.
Your bite misses the frilled lizard.
The frilled lizard hisses.
The frilled lizard closely misses you.
You closely miss the frilled lizard. The frilled lizard closely misses you.
You closely miss the frilled lizard.
The frilled lizard unfolds its giant frill.
The frilled lizard misses you.
You scratch the frilled lizard.
You kill the frilled lizard!
The kobold misses you. The kobold hits you with a short sword.
Ouch! That really hurt!
You die... ܁܁܁܁܁܁

܁܁܁܁܁░ ░░ ░░░░░
܁܁܁܁܁░ ܁܁
܁܁܁░░░░܁܁܁܁܁░
░܁░░░░░░░܁░܁܁܁⚔܁܁܁܁░܁
░܁܁܁☺Kg܁܁܁܁܁܁܁܁܁܁܁܁܁܁
░░░░░░J܁܁܁░܁܁܁܁܁܁܁܁░
░܁܁܁܁░܁܁܁░
░܁܁܁܁✟܁܁܁░░
░░░░░܁܁܁܁܁░░░░░░
░܁܁܁܁܁܁܁܁܁܁܁
░░░░░܁܁܁܁܁܁܁܁܁܁܁
܁܁܁܁܁܁܁܁܁░܁܁܁܁܁܁
܁܁܁܁܁܁܁܁܁░܁܁܁܁܁܁


You could see an ooze, a hobgoblin and a kobold.

Vanquished Creatures
  A frilled lizard (D:1)
1 creature vanquished.

Notes
Turn   | Place    | Note
-------+----------+-------------------------------------------
     0 | D:1      | Redear the Felid Skald began the quest for the Orb.
     0 | D:1      | Reached XP level 1. HP: 9/9 MP: 4/4
    63 | D:1      | Slain by a kobold

Vault maps used:
D:1:      moated_graveyard_arrival

Action                   || total
-------------------------++-------
Melee: Unarmed           ||    10
       Punch             ||     1
       Bite              ||     1
Dodge: Dodged            ||    18

Table legend:
 A = Spawn XP
 B = Non-spawn XP
 C = Spawn XP percentage of total XP
 D = Spawn monster count
 E = Non-spawn monster count
 F = Spawn count percentage of total count
 G = Total turns spent on level
                    A         B        C        D         E        F      G
               +---------+---------+-------+---------+---------+-------+---------
         Total |       0 |       1 |   0.0 |       0 |       1 |   0.0 |    63
               +---------+---------+-------+---------+---------+-------+---------
           D:1 |       0 |       1 |   0.0 |       0 |       1 |   0.0 |    63
               +---------+---------+-------+---------+---------+-------+---------
